 Dungeon Crawl Stone Soup version 0.16.2-12-gd0ad4c3 (webtiles) character file.

3101 schauveau the Geomancer (level 9, -1/45 HPs)
             Began as a Gargoyle Earth Elementalist on Oct 31, 2015.
             Was a Follower of Vehumet.
             Killed from afar by Kharon's ghost (20 damage)
             ... with a shard of ice
             ... on level 9 of the Dungeon.
             The game lasted 00:50:03 (9324 turns).

schauveau the Geomancer (GrEE)                      Turns: 9324, Time: 00:50:03

Health: -1/45      AC: 17    Str: 16    XL:     9   Next: 90%
Magic:  11/25      EV: 12    Int: 19    God:    Vehumet [*.....]
Gold:   31         SH:  0    Dex: 10    Spells: 5 memorised, 11 levels left

rFire  . . .     SeeInvis .     a - +2 whip (elec)
rCold  + . .     Clarity  .     P - +2 robe {rC+}
rNeg   + + .     SustAb   .     (no shield)
rPois  ∞         Gourm    .     r - +2 helmet
rElec  +         Spirit   .     B - +2 cloak {MR+}
rCorr  .         Warding  +     C - +1 pair of gloves
rMut   .         Stasis   .     (no boots)
MR     +....                    M - amulet of warding
Stlth  +++.......               S - +4 ring of strength
                                F - ring of stealth

@: about to teleport, somewhat resistant to hostile enchantments, fairly
stealthy
A: negative energy resistance 1, electricity resistance, unbreathing,
petrification resistance, rot immunity, AC +5
a: Renounce Religion


You were on level 9 of the Dungeon.
You worshipped Vehumet.
Vehumet was aware of your devotion.
You were not hungry.

You visited 2 branches of the dungeon, and saw 11 of its levels.

You collected 434 gold pieces.
You spent 403 gold pieces at shops.

Inventory:

Hand weapons
 a - a +2 whip of electrocution (weapon)
 c - a +2 whip of pain
 f - a +0 dagger
 g - a +0 morningstar
 u - a +0 flail
 w - a cursed -1 blowgun
 y - a +2 hammer of protection
 A - a +4 quarterstaff of chaos
 E - a +3 whip
 I - a +0 blowgun
 Q - a +1 whip of freezing
Missiles
 b - 189 stones (quivered)
 x - 5 poisoned needles
 J - 6 curare-tipped needles
Armour
 r - a +2 helmet (worn)
 B - a +2 cloak of magic resistance (worn)
 C - a +1 pair of gloves (worn)
 P - a +2 robe of cold resistance (worn)
Magical staves
 v - an uncursed staff of summoning
Jewellery
 F - a ring of stealth (left hand)
 M - an amulet of warding (around neck)
 S - a +4 ring of strength (right hand)
Magical devices
 T - a wand of digging (16)
Scrolls
 i - 2 scrolls of amnesia
 l - a scroll of remove curse
 m - 4 scrolls of teleportation
 p - a scroll of recharging {unknown}
 t - a scroll of noise
 D - 2 scrolls of blinking
 K - a scroll of random uselessness {unknown}
Potions
 e - 3 potions of curing
 h - 3 potions of heal wounds
 k - 2 potions of resistance
 o - a potion of flight
 z - 3 potions of brilliance
 G - 2 potions of cure mutation {unknown}
 H - 3 potions of restore abilities
 R - a potion of ambrosia {unknown}
 V - a potion of agility
 W - a potion of cancellation
 X - a potion of poison {unknown}
Books
 d - a book of Geomancy

   Spells                             Type                      Level
   a - Sandblast                      Earth                        1
   b - Stoneskin                      Transmutation/Earth          2
   c - Passwall                       Transmutation/Earth          3
   d - Stone Arrow                    Conjuration/Earth            3
   e - Petrify                        Transmutation/Earth          4
   f - Lee's Rapid Deconstruction     Earth                        5
 L - a book of Clouds

   Spells                             Type                      Level
   a - Mephitic Cloud                 Conjuration/Poison/Air       3
   b - Conjure Flame                  Conjuration/Fire             3
   c - Poisonous Cloud                Conjuration/Poison/Air       6
   d - Freezing Cloud                 Conjuration/Ice/Air          6
   e - Ring of Flames                 Charms/Fire                  7
 O - a book of Annihilations {highlevel, unknown}

   This book is beyond your current level of understanding.

   Spells                             Type                      Level
   a - Poison Arrow                   Conjuration/Poison           6
   b - Chain Lightning                Conjuration/Air              8
   c - Lehudib's Crystal Spear        Conjuration/Earth            8
   d - Glaciate                       Conjuration/Ice              9
   e - Fire Storm                     Conjuration/Fire             9
Comestibles
 j - 8 bread rations
 n - 2 meat rations
 q - 4 chunks of flesh
 s - 6 fruits
 N - 3 beef jerkies
 U - 8 slices of pizza


   Skills:
 - Level 1.5 Dodging
 - Level 2.1 Stealth
 * Level 8.0 Spellcasting
 - Level 5.6 Conjurations
   Level 0.7 Transmutations
 * Level 5.4 Fire Magic
 + Level 9.2 Earth Magic


You had 11 spell levels left.
You knew the following spells:

 Your Spells              Type           Power        Failure   Level  Hunger
a - Stone Arrow           Conj/Erth      #####.       1%          3    None
b - Sandblast             Erth           #####.       1%          1    None
c - Magic Dart            Conj           ####         1%          1    None
d - Conjure Flame         Conj/Fire      ####....     2%          3    None
z - Lee's Rapid Deconstr  Erth           #####.....   8%          5    #####..


Dungeon Overview and Level Annotations

Branches:
Dungeon (10/15)            Temple (1/1) D:7
   Lair: D:8-11         Orc: D:9-12

Altars:
Ashenzari
Cheibriados
Dithmenos
Elyvilon
Fedhas
Gozag
Nemelex Xobeh
Okawaru
Ru
Sif Muna
Trog
Vehumet
Xom
Yredelemnul
Zin

Shops:
D:5 *   D:7 !

Annotations:
D:3 Grinder
D:9 Kharon's ghost, experienced DEWz


Innate Abilities, Weirdness & Mutations

You are resistant to torment.
You are immune to poison.
Your stone body is very resilient (AC +5).
You resist negative energy.
You are resistant to electric shocks.
You can survive without breathing.
You are immune to petrification.
You are immune to rotting.


Message History

Aim: Kharon's ghost, wielding a weapon of venom (noxious fumes, moderately damaged)
The stone arrow misses Kharon's ghost.
Kharon's ghost hits you but does no damage.
Casting: Stone Arrow
Confirm with . or Enter, or press ? or * to list all spells.
Aiming: Stone Arrow
Press: ? - help, Shift-Dir - straight line, f/p - Kharon's ghost
Aim: Kharon's ghost, wielding a weapon of venom (noxious fumes, moderately damaged)
The stone arrow misses Kharon's ghost.
Kharon's ghost gestures at you while chanting.
The shard of ice hits you! You partially resist.
Ouch! That really hurt!
Kharon's ghost gestures wildly while chanting.
Kharon's ghost begins repelling missiles!
Read which item? (? for menu, Esc to quit)
As you read the scroll of teleportation, it crumbles to dust.
You feel strangely unstable. Kharon's ghost casts a spell at you.
The shard of ice hits you! You partially resist.
You die...

#..# ###
#####'####### #..
#...........# #..
#...........#
###..
#...........#
###.'..
#...........#
#...#..
#...........#
#.###..
#...........###.#
#..
#...@.......#...#
#..
#..§...[....'.###
#..
#...W.......###
### ###'#########
#...# ###'#######
#.........#
#.........#
#...).....#


You could see Kharon's ghost.

Vanquished Creatures
  Pikel (D:6)
  A human (D:7)
  3 phantoms
  4 ogres
  2 ice beasts
  A sky beast (D:7)
  A giant frog (D:7)
  A scorpion (D:5)
  A wyvern skeleton (D:7)
  A jelly (D:5)
  3 crimson imps
  A giant frog zombie (D:5)
  A goliath beetle (D:7)
  A quasit (D:7)
  A gnoll shaman (D:4)
  5 orc priests
  A centaur skeleton (D:6)
  2 giant frog skeletons
  3 hounds
  Crazy Yiuf (D:2)
  7 orc wizards
  7 worker ants
  4 sheep (D:7)
  Ijyb (D:4)
  Terence (D:2)
  A hound skeleton (D:4)
  2 worker ant zombies
  5 gnolls
  9 adders
  2 shadow imps
  A giant mite (D:2)
  4 worms (D:2)
  An adder skeleton (D:7)
  4 oozes
  27 orcs
  A ball python (D:3)
  4 giant cockroaches
  10 goblins
  14 hobgoblins
  13 jackals
  15 kobolds
  2 quokkas
  20 bats
  6 giant geckos
  8 giant newts
  A giant spore (D:6)
  A jackal zombie (D:7)
  18 rats
  12 ballistomycetes (D:6)
236 creatures vanquished.

Vanquished Creatures (others)
  An orc wizard (D:6)
  A giant mite (D:6)
  2 giant spores (D:6)
  A ballistomycete (D:6)
5 creatures vanquished.

Grand Total: 241 creatures vanquished

Notes
Turn   | Place    | Note
--------------------------------------------------------------
     0 | D:1      | schauveau, the Gargoyle Earth Elementalist, began the quest for the Orb.
     0 | D:1      | Reached XP level 1. HP: 10/10 MP: 3/3
   330 | D:1      | Reached XP level 2. HP: 13/15 MP: 0/4
   365 | D:1      | Reached skill level 4 in Earth Magic
   540 | D:1      | Reached XP level 3. HP: 10/19 MP: 3/6
   588 | D:2      | Found a sparkling altar of Nemelex Xobeh.
   992 | D:2      | Reached XP level 4. HP: 24/24 MP: 3/9
  1005 | D:2      | Learned a level 3 spell: Stone Arrow
  1318 | D:2      | Reached skill level 1 in Conjurations
  1318 | D:2      | Reached skill level 5 in Earth Magic
  1444 | D:3      | Noticed Terence
  1452 | D:2      | Killed Terence
  1521 | D:2      | Reached XP level 5. HP: 18/28 MP: 8/11
  1856 | D:2      | Noticed Crazy Yiuf
  1868 | D:2      | Killed Crazy Yiuf
  1991 | D:3      | Found a white marble altar of Elyvilon.
  2084 | D:3      | Noticed Grinder
  2158 | D:3      | Found a deep blue altar of Sif Muna.
  2218 | D:3      | Paralysed by Grinder for 5 turns
  2855 | D:3      | Reached XP level 6. HP: 24/32 MP: 4/13
  3634 | D:4      | Reached skill level 6 in Earth Magic
  3891 | D:4      | Noticed Ijyb
  3896 | D:4      | Killed Ijyb
  4492 | D:4      | Reached XP level 7. HP: 25/36 MP: 0/17
  4859 | D:5      | Entered Level 5 of the Dungeon
  5074 | D:4      | Reached skill level 7 in Earth Magic
  5643 | D:5      | Reached skill level 5 in Spellcasting
  5673 | D:5      | Reached XP level 8. HP: 41/41 MP: 20/20
  5781 | D:5      | Learned a level 5 spell: Lee's Rapid Deconstruction
  5810 | D:5      | Reached skill level 5 in Conjurations
  5909 | D:5      | Found Gozag's Platinum Reserve.
  5911 | D:5      | Found an opulent altar of Gozag.
  6750 | D:6      | Found a glowing silver altar of Zin.
  6751 | D:6      | Found a sacrificial altar of Ru.
  6755 | D:6      | Found an iron altar of Okawaru.
  6757 | D:6      | Found a blossoming altar of Fedhas.
  6933 | D:6      | Reached skill level 8 in Earth Magic
  7053 | D:6      | Learned a level 3 spell: Conjure Flame
  7175 | D:6      | Noticed Pikel
  7189 | D:6      | Killed Pikel
  7189 | D:6      | Reached XP level 9. HP: 45/45 MP: 6/23
  7400 | D:7      | Found a sparkling altar of Nemelex Xobeh.
  8209 | D:7      | Found a staircase to the Ecumenical Temple.
  8257 | Temple   | Entered the Ecumenical Temple
  8277 | Temple   | Became a worshipper of Vehumet
  8602 | D:7      | Reached skill level 9 in Earth Magic
  8666 | D:7      | Found Theoc's Distillery.
  8678 | D:7      | Bought a potion of heal wounds for 65 gold pieces
  8678 | D:7      | Bought a potion of agility for 52 gold pieces
  8678 | D:7      | Bought a potion of cancellation for 104 gold pieces
  8678 | D:7      | Bought a potion of restore abilities for 65 gold pieces
  8678 | D:7      | Bought a potion of lignification for 39 gold pieces
  8681 | D:7      | Bought a potion of curing for 39 gold pieces
  8681 | D:7      | Bought a potion of curing for 39 gold pieces
  8924 | D:8      | Reached skill level 5 in Fire Magic
  9006 | D:8      | Acquired Vehumet's first power
  9006 | D:8      | Offered knowledge of Magic Dart by Vehumet.
  9010 | D:8      | Learned a level 1 spell: Magic Dart
  9134 | D:9      | Found a sacrificial altar of Ru.
  9232 | D:10     | Entered Level 10 of the Dungeon
  9301 | D:9      | Noticed Kharon's ghost (experienced DEWz)
  9324 | D:9      | Killed from afar by Kharon's ghost

Action                   |  1- 3 |  4- 6 |  7- 9 || total
-------------------------+-------+-------+-------++-------
Melee: Unarmed           |     2 |       |       ||     2
       Dagger            |    34 |       |       ||    34
       Whip              |    19 |    87 |   440 ||   546
 Cast: Sandblast         |    58 |    93 |    26 ||   177
       Stone Arrow       |       |    28 |    93 ||   121
       Conjure Flame     |       |       |     1 ||     1
       Magic Dart        |       |       |     4 ||     4
  Use: Scroll            |       |    10 |     8 ||    18
       Potion            |       |       |     1 ||     1
 Stab: Distracted        |       |     1 |       ||     1
       Sleeping          |       |       |     3 ||     3
  Eat: Chunk             |     1 |     8 |    16 ||    25
       Meat ration       |       |     1 |       ||     1
       Fruit             |       |       |     3 ||     3
